 Dungeon Crawl Stone Soup version 0.22-a0-392-g5dc3fd9 (webtiles) character file.

200 smeego the Shield-Bearer (level 5, -1/36 HPs)
             Began as an Octopode Fighter on May 1, 2018.
             Slain by an orc wizard
             ... wielding a +0 dagger
              (4 damage)
             ... on level 3 of the Dungeon.
             The game lasted 00:02:51 (2729 turns).

smeego the Shield-Bearer (Octopode Fighter)         Turns: 2729, Time: 00:02:53

Health: -1/36      AC:  1    Str: 16    XL:     5   Next: 79%
Magic:  5/5        EV: 12    Int: 15    God:
Gold:   108        SH:  9    Dex: 12    Spells: 4/4 levels left

rFire    . . .     SeeInvis .   a - +0 long sword
rCold    . . .     Gourm    .   b - +0 shield
rNeg     . . .     Faith    .   (helmet restricted)
rPois    .         Spirit   .   (no amulet)
rElec    .         Reflect  .   (no ring)
rCorr    .         Harm     .   (no ring)
MR       .....                  (no ring)
Stlth    +++.......             (no ring)
HPRegen  0.12/turn              (no ring)
MPRegen  0.09/turn              (no ring)
                                (no ring)
                                (no ring)

@: brilliant
A: almost no armour, stealthy swim, amphibious, 8 rings, constrict 8, camouflage
1, gelatinous body 1
a: no special abilities


You were on level 3 of the Dungeon.
You were not hungry.

You visited 1 branch of the dungeon, and saw 3 of its levels.

You collected 108 gold pieces.

Inventory:

Hand Weapons
 a - a +0 long sword (weapon)
 f - a +0 dagger
 k - a cursed -2 dagger
Missiles
 e - 111 stones (quivered)
 h - 44 poisoned needles
 l - 30 sling bullets
 o - 6 needles of confusion
Armour
 b - a +0 shield (worn)
Wands
 p - a wand of random effects (24)
Scrolls
 g - 2 scrolls of blinking {unknown}
 i - 4 scrolls of identify {unknown}
 m - 2 scrolls of fear {unknown}
 n - 4 scrolls of teleportation {unknown}
 q - a scroll of enchant armour {unknown}
Potions
 c - a potion of might
 j - a potion of brilliance
Comestibles
 d - 11 rations
 r - a chunk of flesh


   Skills:
 + Level 3.5 Fighting
 * Level 3.6 Long Blades
 + Level 3.6 Dodging
 + Level 2.3 Stealth
 + Level 3.7 Shields
 + Level 1.6 Unarmed Combat


You had 4 spell levels left.
You didn't know any spells.

Dungeon Overview and Level Annotations

Branches:
Dungeon (3/15)

Altars:

Annotations:
D:3 Vinniefish's ghost, amateur OpWz


Innate Abilities, Weirdness & Mutations

You cannot wear most types of armour.
You are very stealthy in the water. (Stealth+)
You are amphibious.
You can wear up to eight rings at the same time.
You can use your tentacles to constrict eight enemies at once.
Your skin changes colour to match your surroundings (Stealth+).
Your rubbery body absorbs attacks. (AC +1, EV +1)


Message History

You barely miss something. Your squeeze misses something.
Something hits you but does no damage. Something hits you.
You completely miss something. Something hits you.
* * * LOW HITPOINT WARNING * * *
Unknown command.
It was a potion of brilliance.
You feel clever all of a sudden.
You hear some strange, mumbled words.
Something tries to affect you, but you resist.
You miss something.
You feel less confused. Something hits you.
* * * LOW HITPOINT WARNING * * *
You barely miss something. You squeeze something.
You hear some strange, mumbled words.
A magic dart appears from out of thin air!
The magic dart hits you!
* * * LOW HITPOINT WARNING * * *
Something hits you.
You die...

#)#####.#.###.#.###.#
......#.#.###.#.###.#
#................##.#
........#.###)#..##.#
........#..).)...##.#
........#####.......#
....##### ####.####
.#### #.# .# #@#####
.## #.....# ..#
#####.# #.### # ....#
... ..#.# .. ..#)# ..
..#)# . .##%# .# #


There were no monsters in sight!

Vanquished Creatures
  Natasha (thrice) (D:2)
  2 adders
  6 worms
  4 dart slugs
  A leopard gecko (D:3)
  3 orcs (D:3)
  5 giant cockroaches
  15 goblins
  2 hobgoblins
  15 jackals
  A quokka (D:2)
  4 bats
  3 frilled lizards
  6 kobolds
  6 rats
76 creatures vanquished.

Notes
Turn   | Place    | Note
-------+----------+-------------------------------------------
     0 | D:1      | smeego the Octopode Fighter began the quest for the Orb.
     0 | D:1      | Reached XP level 1. HP: 16/16 MP: 1/1
   219 | D:1      | Reached XP level 2. HP: 21/21 MP: 2/2
   682 | D:1      | Reached skill level 1 in Stealth
   688 | D:1      | Reached XP level 3. HP: 19/26 MP: 3/3
   984 | D:2      | Reached skill level 1 in Unarmed Combat
  1045 | D:2      | Noticed Natasha
  1264 | D:2      | Killed Natasha
  1264 | D:2      | Reached XP level 4. HP: 14/31 MP: 4/4
  1489 | D:2      | Noticed Natasha
  1492 | D:2      | Killed Natasha
  1498 | D:2      | Noticed Natasha
  1769 | D:3      | Reached XP level 5. HP: 36/36 MP: 5/5
  1988 | D:2      | Killed Natasha
  2321 | D:2      | Found a faded altar of an unknown god.
  2622 | D:3      | Noticed Vinniefish's ghost (amateur OpWz)
  2729 | D:3      | Slain by an orc wizard

Vault maps used:
D:1:      minmay_arrival_open_corners, minmay_pentomino_x4
D:2:      chequers_ecumenical_altar_lobes, uniq_natasha
D:3:      dk_noncrumbling_3

Skill      XL: |  1  2  3  4  5 |
---------------+----------------+-----
Stealth        | 1 2 |  2.3
Unarmed Combat | 1 |  1.6
Long Blades    | 3 |  3.6
Fighting       | |  3.5
Dodging        | |  3.6
Shields        | |  3.7

Action                   |  1- 3 |  4- 6 || total
-------------------------+-------+-------++-------
Melee: Long sword        |    55 |    85 ||   140
       Constrict         |    22 |    20 ||    42
       Tentacles         |    18 |    19 ||    37
       Punch             |     1 |       ||     1
  Use: Potion            |       |     1 ||     1
 Stab: Sleeping          |     6 |     4 ||    10
  Eat: Chunk             |       |     6 ||     6
Armor: Skin              |     5 |    12 ||    17
Dodge: Dodged            |    18 |    46 ||    64
Block: Shield            |    22 |    35 ||    57
       Rpst.: Long sword |     6 |    14 ||    20

Table legend:
 A = Spawn XP
 B = Non-spawn XP
 C = Spawn XP percentage of total XP
 D = Spawn monster count
 E = Non-spawn monster count
 F = Spawn count percentage of total count
 G = Total turns spent on level
                    A         B        C        D         E        F      G
               +---------+---------+-------+---------+---------+-------+---------
         Total |       0 |     287 |   0.0 |       0 |      76 |   0.0 |  2729
               +---------+---------+-------+---------+---------+-------+---------
           D:1 |       0 |      34 |   0.0 |       0 |      19 |   0.0 |   899
           D:2 |       0 |     192 |   0.0 |       0 |      37 |   0.0 |  1197
           D:3 |       0 |      61 |   0.0 |       0 |      20 |   0.0 |   633
               +---------+---------+-------+---------+---------+-------+---------
